 Dungeon Sprint DCSS version 0.27-a0-1273-gec92ba881d (webtiles) character file.

Game seed: 5283877522249286729

1678 mhtbhm the Cleaver (level 9, -3/75 HPs)
             Began as a Formicid Fighter on June 11, 2021.
             Was a Believer of Trog.
             Slain by a redback (4 damage)
             ... in the Dungeon (Sprint III: "The Ten Rune Challenge").
             The game lasted 00:03:15 (1387 turns).

mhtbhm the Cleaver (Formicid Fighter)               Turns: 1387, Time: 00:03:16

Health: -3/75      AC: 15    Str: 23    XL:     9   Next: 21%
Magic:  9/9        EV:  5    Int:  9    God:    Trog [**....]
Gold:   32         SH:  0    Dex: 10    Spells: 8/8 levels left

rFire    . . .     SeeInvis +   a - +0 war axe
rCold    . . .     Faith    .   c - +0 kite shield
rNeg     . . .     Spirit   .   b - +0 chain mail
rPois    .         Reflect  .   (helmet unavailable)
rElec    +         Harm     .   (no cloak)
rCorr    .         Rampage  .   (no gloves)
Will     ++...                  (no boots)
Stlth    ..........             (no amulet)
HPRegen  1.22/turn              (no ring)
MPRegen  0.11/turn              (no ring)

@: strong-willed, held, regenerating
A: permanent stasis, dig shafts and tunnels, antennae 3, four strong arms,
iridescent scales 2, electricity resistance
a: Dig, Renounce Religion, Trog's Hand


You were in the Dungeon.
You worshipped Trog.
Trog was pleased with you.
You visited 1 branch You collected 32 gold pieces.

Inventory:

Hand Weapons
 a - a +0 war axe (weapon)
Armour
 b - a +0 chain mail (worn)
 c - a +0 kite shield (worn)
Wands
 h - a wand of digging (7)
Scrolls
 f - 2 scrolls of holy word {unknown}
 i - a scroll of acquirement {unknown}
 j - a scroll of summoning {unknown}
 l - 2 scrolls of identify
Potions
 g - 2 potions of magic
 k - 4 potions of flight
 m - 2 potions of mutation
Miscellaneous
 d - a condenser vane


   Skills:
 + Level 8.5 Fighting
 + Level 11.5 Axes
 + Level 10.8 Armour
 + Level 4.7 Dodging
 + Level 3.9 Stealth
 + Level 10.8 Shields
 + Level 0.3 Evocations


You had 8 spell levels left.
You didn't know any spells.
Your spell library contained the following spells:

 Spells                   Type           Power      Damage    Failure   Level
 Beastly Appendage        Tmut           0%         N/A       91%         1
 Wereblood                Tmut           0%         N/A       97%         2
 Confusing Touch          Hex            0%         N/A       100%        3
 Gell's Gravitas          Tloc           0%         N/A       100%        3
 Spider Form              Tmut/Pois      0%         N/A       100%        3
 Ice Form                 Ice/Tmut       0%         N/A       100%        4
 Petrify                  Tmut/Erth      0%         N/A       100%        4
 Metabolic Englaciation   Hex/Ice        0%         N/A       100%        5
 Yara's Violent Unravell  Hex/Tmut       0%         3d3       100%        5


Dungeon Overview and Level Annotations

Branches:
Dungeon (1/1)

Altars:
Cheibriados
Dithmenos
Elyvilon
Fedhas
Gozag
Hepliaklqana
Kikubaaqudgha
Makhleb
Nemelex Xobeh
Okawaru
Qazlal
Ru
Sif Muna
Trog
Uskayaw
Vehumet
Wu Jian
Xom
Yredelemnul
Zin
The Shining One
Beogh
Jiyva
Lugonu

Annotations:
D Erolcha


Innate Abilities, Weirdness & Mutations

You cannot be hasted, slowed, berserked, paralysed or teleported.
You can dig through walls and to a lower floor.
You have a pair of large antennae on your head. (SInv)
Your four strong arms can wield two-handed weapons with a shield.
You are mostly covered in iridescent scales. (AC +4)
You are resistant to electric shocks. (rElec)


Message History

The two-headed ogre is lightly wounded.
Your chain mail prevents you from hitting the redback.
The two-headed ogre drops a net on you.
You become entangled in the net!
The redback bites you!
The two-headed ogre hits you but does no damage.
The two-headed ogre barely misses you.
Okay, then.
Okay, then.
Your skin crawls.
You feel strong-willed.
The redback bites you but does no damage.
The two-headed ogre hits you but does no damage.
The two-headed ogre hits you with a +0 dire flail!
The redback bites you.
Unknown command.
You struggle against the net.
The redback bites you.
The two-headed ogre hits you but does no damage.
The two-headed ogre hits you with a +0 dire flail!
* * * LOW HITPOINT WARNING * * *
Unknown command.
Unknown command.
You struggle against the net.
The redback closely misses you.
The redback bites you but does no damage.
Unknown command.
Unknown command.
You struggle against the net.
The redback bites you but does no damage.
The two-headed ogre hits you with a +3 dire flail.
* * * LOW HITPOINT WARNING * * *
The two-headed ogre hits you with a +0 dire flail.
* * * LOW HITPOINT WARNING * * *
Unknown command.
Unknown command.
You struggle against the net.
The redback bites you but does no damage.
The two-headed ogre barely misses you.
The two-headed ogre hits you with a +0 dire flail.
* * * LOW HITPOINT WARNING * * *
The redback bites you.
You die... #._# {{{{{{ {{ #)## {{{{{{ { ...# {{{{{{

{{ ...# {{ ##'#
...#+##############
...#....#.#.#.....#
)..##.#..#.##.###.#
...)##.#.#.##.#.@##
...#...#.)#..##.Oss^^...
▓▓▓▓▓▓▓▓▓▓▓▓▓▓▓▓▓#O.....
{ { { ...... ..... .^.^.
####


You could see a two-headed ogre, Erolcha and 2 redbacks.

Vanquished Creatures
  A deep elf pyromancer (D)
  A shadow (D)
  A spatial vortex (D)
  A necrophage (D)
  3 two-headed ogres (D)
  A water elemental (D)
  A jelly (D)
  Jessica (D)
  A wizard (D)
  A necromancer (D)
  3 humans (D)
  A kobold demonologist (D)
  A wolf (D)
  2 endoplasms (D)
19 creatures vanquished.

Vanquished Creatures (others)
  5 plants (D)
5 creatures vanquished.

Grand Total: 24 creatures vanquished

Notes
Turn   | Place    | Note
-------+----------+-------------------------------------------
     0 | D        | mhtbhm the Formicid Fighter began the quest for the Orb.
     0 | D        | Reached XP level 1. HP: 18/18 MP: 1/1
    25 | D        | Noticed Jessica
    30 | D        | Killed Jessica
    31 | D        | Reached skill level 5 in Shields
    31 | D        | Reached XP level 2. HP: 18/26 MP: 2/2
    31 | D        | Reached XP level 3. HP: 22/31 MP: 3/3
   163 | D        | Reached skill level 5 in Fighting
   163 | D        | Reached skill level 3 in Axes
   163 | D        | Reached skill level 5 in Armour
   349 | D        | Reached XP level 4. HP: 29/39 MP: 4/4
   372 | D        | Gained mutation: You expend magic power (3 MP) to
                  | strengthen your wands. [potion of mutation]
   372 | D        | Lost mutation: You expend magic power (3 MP) to strengthen
                  | your wands. [potion of mutation]
   372 | D        | Gained mutation: You sometimes lose the ability to read
                  | scrolls when taking damage. [potion of mutation]
   373 | D        | Lost mutation: You sometimes lose the ability to read
                  | scrolls when taking damage. [potion of mutation]
   373 | D        | Gained mutation: You are resistant to electric shocks.
                  | (rElec) [potion of mutation]
   373 | D        | Gained mutation: Your body sometimes deteriorates upon
                  | taking damage. [potion of mutation]
   374 | D        | Lost mutation: Your body sometimes deteriorates upon taking
                  | damage. [potion of mutation]
   374 | D        | Gained mutation: You are partially covered in iridescent
                  | scales. (AC +2) [potion of mutation]
   374 | D        | Gained mutation: You are mostly covered in iridescent
                  | scales. (AC +4) [potion of mutation]
   425 | D        | Noticed a water elemental
   429 | D        | Killed a water elemental
   430 | D        | Reached skill level 4 in Axes
   430 | D        | Reached skill level 1 in Dodging
   430 | D        | Reached XP level 5. HP: 43/46 MP: 5/5
   460 | D        | Found a radiant altar of Vehumet.
   460 | D        | Found a shimmering blue altar of Sif Muna.
   460 | D        | Found an ancient bone altar of Kikubaaqudgha.
   487 | D        | Found a basalt altar of Yredelemnul.
   487 | D        | Found a shadowy altar of Dithmenos.
   487 | D        | Found a sacrificial altar of Ru.
   487 | D        | Noticed a necrophage
   505 | D        | Reached skill level 5 in Axes
   509 | D        | HP: 2/44 [necrophage (3)]
   511 | D        | Killed a necrophage
   512 | D        | Reached skill level 6 in Axes
   512 | D        | Reached XP level 6. HP: 3/53 MP: 6/6
   820 | D        | Found a hide-covered altar of Uskayaw.
   820 | D        | Found an iron altar of Okawaru.
   820 | D        | Found a bloodstained altar of Trog.
   820 | D        | Found an ornate altar of the Wu Jian Council.
   820 | D        | Noticed a human
   820 | D        | Noticed a human
   827 | D        | Killed a human
   828 | D        | Reached skill level 7 in Axes
   828 | D        | Reached XP level 7. HP: 56/60 MP: 7/7
   829 | D        | Killed a human
   830 | D        | Reached skill level 8 in Axes
   987 | D        | Found a glowing silver altar of Zin.
   987 | D        | Found a glowing golden altar of the Shining One.
   987 | D        | Found a white marble altar of Elyvilon.
   988 | D        | Noticed a deep elf pyromancer
  1006 | D        | Killed a deep elf pyromancer
  1007 | D        | Reached skill level 9 in Axes
  1007 | D        | Reached skill level 10 in Armour
  1007 | D        | Reached skill level 1 in Stealth
  1007 | D        | Reached skill level 10 in Shields
  1007 | D        | Reached XP level 8. HP: 46/68 MP: 8/8
  1111 | D        | Became a worshipper of Trog the Wrathful
  1132 | D        | Reached skill level 10 in Axes
  1148 | D        | Noticed a shadow
  1155 | D        | Killed a shadow
  1163 | D        | Found a blossoming altar of Fedhas.
  1163 | D        | Found a stormy altar of Qazlal.
  1163 | D        | Found a snail-covered altar of Cheibriados.
  1163 | D        | Found a burning altar of Makhleb.
  1163 | D        | Found a shimmering altar of Xom.
  1164 | D        | Found a hazy altar of Hepliaklqana.
  1164 | D        | Found an opulent altar of Gozag.
  1164 | D        | Found a sparkling altar of Nemelex Xobeh.
  1164 | D        | Found a corrupted altar of Lugonu.
  1164 | D        | Found a viscous altar of Jiyva.
  1175 | D        | Reached * piety under Trog
  1212 | D        | Reached skill level 11 in Axes
  1212 | D        | Reached XP level 9. HP: 74/74 MP: 9/9
  1229 | D        | Noticed a two-headed ogre
  1249 | D        | Killed a two-headed ogre
  1249 | D        | Reached ** piety under Trog
  1370 | D        | Noticed Erolcha
  1371 | D        | Noticed a two-headed ogre
  1387 | D        | HP: 1/75 [two-headed ogre/+3 dire flail (5)]
  1387 | D        | Slain by a redback

Illustrated notes

Levels and vault maps discovered:
D:        dungeon_sprint_mu [sprint_mu_entry_cave, sprint_mu_temple_rooms,
          sprint_mu_d1_spiders, sprint_mu_d2_genie, sprint_mu_d3_branching,
          sprint_mu_orc_legion, sprint_mu_elf_gauntlet, sprint_mu_hive_nellie,
          sprint_mu_lair_fedhas, sprint_mu_vaults_butterflies,
          sprint_mu_slime_circle, sprint_mu_swamp_cave, sprint_mu_shoals_kraken,
          sprint_mu_blade_basic, sprint_mu_crypt_fortress,
          sprint_mu_tomb_spiral, sprint_mu_vestibule_basic,
          sprint_mu_gehenna_hellfire, sprint_mu_dis_giant,
          sprint_mu_tartarus_statrot, sprint_mu_cocytus_islands, sprint_mu_zot1]

Skill      XL: |  1  2  3  4  5  6  7  8  9 |
---------------+----------------------------+-----
Shields        | 5 6 7 8 9 10 | 10.8
Fighting       | 4 5 6 7 8 |  8.5
Armour         | 4 5 6 7 8 10 | 10.8
Axes           | 3 4 6 7 9 11 | 11.5
Dodging        | 1 2 3 4 |  4.7
Stealth        | 1 2 3 |  3.9
Evocations     | |  0.3

Action                   |  1- 3 |  4- 6 |  7- 9 || total
-------------------------+-------+-------+-------++-------
Melee: War axe           |    34 |    35 |    76 ||   145
Invok: Trog's Hand       |       |       |     1 ||     1
Evoke: Condenser vane    |       |       |     1 ||     1
  Use: Potion            |     2 |     5 |       ||     7
 Stab: Confused          |       |       |     5 ||     5
Armor: Scale mail        |     6 |     6 |       ||    12
       Chain mail        |       |       |    18 ||    18
Dodge: Dodged            |    12 |    10 |    31 ||    53
Block: Kite shield       |    19 |    17 |    27 ||    63

Table legend: (Time is in decaauts)
 A = Elapsed time spent in this place.
 B = Non-inter-level travel time spent in this place.
 C = Inter-level travel time spent in this place.
 D = Time resting spent in this place.
 E = Time spent auto-exploring this place.
 F = Levels seen in this place.
 G = Mean time per level.
                   A        B        C        D        E       F      G
               +--------+--------+--------+--------+--------+-----+--------+
         Total |   1414 |   1414 |      0 |    837 |    153 |   1 | 1414.0 |
       Dungeon |   1414 |   1414 |      0 |    837 |    153 |   1 | 1414.0 |
               +--------+--------+--------+--------+--------+-----+--------+

Top non-repeatable levels by time:
       D: 1414 daAuts
